 Dungeon Crawl Stone Soup version 0.32-a0-473-gd044c6f0f0 (webtiles) character file.

Game seed: 17912440712632216073

276 CougarLife the Digger (level 6, -2/32 HPs)
             Began as a Gargoyle Earth Elementalist on Feb 25, 2024.
             Slain by a goblin
             ... wielding a +0 club
             ... led by Robin
              (6 damage)
             ... on level 4 of the Dungeon.
             The game lasted 00:02:40 (3146 turns).

CougarLife the Digger (Gargoyle Earth Elementalist) Turns: 3146, Time: 00:02:40

Health: -2/32      AC:  6    Str: 11    XL:     6   Next: 25%
Magic:  8/11       EV: 11    Int: 18    God:
Gold:   126        SH:  0    Dex: 10    Spells: 8/12 levels left

rFire   . . .        g - +0 dagger
rCold   . . .        (no shield)
rNeg    + . .        a - +0 robe
rPois   ∞            (no helmet)
rElec   +            (no cloak)
rCorr   .            (no gloves)
SInv    .            (no boots)
Will    .....        (no amulet)
Stlth   ++           (no ring)
HPRegen 0.25/turn    (no ring)
MPRegen 0.12/turn

%: no passive effects
@: no status effects
A: sickness immunity, AC +4, negative energy resistance 1, electricity
resistance, torment resistance 1, petrification resistance
a: no special abilities


You were on level 4 of the Dungeon.
You visited 1 branch of the dungeon, and saw 4 of its levels.

You collected 126 gold pieces.

Inventory:

Hand Weapons
 g - a +0 dagger (weapon)
Missiles
 l - a throwing net
Armour
 a - a +0 robe (worn)
 q - the +0 leather armour "Qohiello" {rC++ Int-3 Stlth+}
   (You found it on level 2 of the Dungeon)

   Int-3:     It affects your intelligence (-3).
   rC++:      It greatly protects you from cold.
   Stlth+:    It makes you more stealthy.
Wands
 k - a wand of paralysis (10)
Scrolls
 d - 8 scrolls of identify {unknown}
 h - 2 scrolls of enchant armour {unknown}
 i - a scroll of revelation {unknown}
 j - a scroll of noise {unknown}
 n - a scroll of teleportation {unknown}
 o - 2 scrolls of fog {unknown}
 r - a scroll of enchant weapon {unknown}
 s - a scroll of amnesia {unknown}
Potions
 b - 2 potions of magic
 c - a potion of brilliance {unknown}
 e - a potion of lignification {unknown}
 f - a potion of invisibility {unknown}
 m - 2 potions of mutation {unknown}
 p - a potion of might {unknown}
 t - a potion of curing {unknown}
 u - a potion of degeneration {unknown}


   Skills:
 - Level 1.5 Dodging
 - Level 2.1 Stealth
 + Level 3.8 Spellcasting
 + Level 3.8 Conjurations
 + Level 5.4 Earth Magic


You had 8 spell levels left.
You knew the following spells:

 Your Spells              Type           Power      Damage    Failure   Level
a - Sandblast             Erth           46%        2d11      1%          1
b - Stone Arrow           Conj/Erth      40%        3d9       7%          3

Your spell library contained the following spells:

 Spells                   Type           Power      Damage    Failure   Level
 Magic Dart               Conj           68%        1d6       3%          1
 Passwall                 Erth           23%        N/A       4%          3
 Blink                    Tloc           6%         N/A       22%         2
 Call Imp                 Summ           6%         N/A       22%         2
 Brom's Barrelling Bould  Conj/Erth      20%        2d4       22%         4
 Petrify                  Alch/Erth      13%        N/A       43%         4


Dungeon Overview and Level Annotations

Branches:
Dungeon (4/15)
 Temple: D:4-7

Altars:
Ru


Innate Abilities, Weirdness & Mutations

You are immune to sickness and miasma.
Your stone body is resilient. (AC +4)
You are immune to poison.
You resist negative energy. (rN+)
You are resistant to electric shocks. (rElec)
You are resistant to unholy torment.
You are immune to petrification.


Message History

Casting: Sandblast (safe; 1% risk of failure)
Confirm with . or Enter, or press ? or * to list all spells.
Aiming: Sandblast (safe; 1% risk of failure)
Press: ? - help, Shift-Dir - straight line, f/p - Robin
Aim: Robin, wielding a +0 club, wearing a +0 animal skin and wearing a +0 helmet (severely wounded, 87% to hit)
The blast of sand hits Robin!
You kill Robin!
The goblin shoots a sling bullet.
The sling bullet hits you but does no damage.
The goblin hits you with a +0 club. The goblin hits you but does no damage.
The hobgoblin hits you but does no damage.
The orc priest shouts, "The Pantheon deserves no one's loyalty.
Let us show you the true path!" (press Y on the ability menu to convert to Beogh)
Casting: Sandblast (safe; 1% risk of failure)
Confirm with . or Enter, or press ? or * to list all spells.
Aiming: Sandblast (safe; 1% risk of failure)
Press: ? - help, Shift-Dir - straight line, f - orc priest
Aim: an orc priest, wielding a +0 hand axe (83% to hit)
The blast of sand hits the orc priest!
You kill the orc priest!
The goblin hits you but does no damage. The goblin barely misses you.
The goblin shoots a sling bullet.
The sling bullet misses you.
The sling bullet hits the hobgoblin.
The hobgoblin hits you. The goblin hits you with a +0 club. x2
* * * LOW HITPOINT WARNING * * *
The goblin closely misses you.
You miss the goblin.
The goblin shoots a sling bullet.
The sling bullet hits you.
* * * LOW HITPOINT WARNING * * *
The goblin barely misses you.
The hobgoblin hits you but does no damage.
The goblin hits you with a +0 club.
* * * LOW HITPOINT WARNING * * *
The goblin hits you but does no damage. The hobgoblin closely misses you.
The goblin unwields a +0 sling.
The goblin wields a +0 dagger.
The goblin hits you with a +0 dagger.
* * * LOW HITPOINT WARNING * * *
The hobgoblin attacks as it pursues you!
The hobgoblin misses you. The goblin hits you with a +0 club.
You die...

........................
........... ..:....#...#
...........##.........#
.....#....##..........#
.....##...............##
.....###..#.......)....#
##....###..........# ..#.
##.................#.....
####....#....#.g@g.......
#.....###..####gg......
###...##..## #ggg.....#
#....#... .gg.#######
.....##.....gg.
#.....###....... ###...#
##.....## ......#
###...##


You could see 2 hobgoblins and 5 goblins.

Vanquished Creatures
  A scorpion (D:4)
  An orc priest (D:4)
  A hound (D:4)
  A sleepcap (D:4)
  Robin (D:4)
  3 adders
  A ribbon worm (D:3)
  2 dart slugs (D:1)
  13 orcs
  2 ball pythons
  7 endoplasms
  4 giant cockroaches
  3 goblins
  11 hobgoblins
  4 quokkas
  8 bats
  3 frilled lizards
  5 kobolds
  5 rats
76 creatures vanquished.

Notes
Turn   | Place    | Note
-------+----------+-------------------------------------------
     0 | D:1      | CougarLife the Gargoyle Earth Elementalist began the quest
                  | for the Orb.
     0 | D:1      | Reached XP level 1. HP: 10/10 MP: 3/3
   274 | D:1      | Reached XP level 2. HP: 15/15 MP: 1/5
   417 | D:1      | Reached skill level 4 in Earth Magic
   644 | D:1      | Reached XP level 3. HP: 19/19 MP: 4/6
  1677 | D:2      | Identified the +0 leather armour "Qohiello" {rC++ Int-3
                  | Stlth+}
  1834 | D:2      | Learned a level 3 spell: Stone Arrow
  1857 | D:3      | Found a faded altar of an unknown god.
  1965 | D:3      | Reached XP level 4. HP: 17/24 MP: 4/8
  2631 | D:3      | Reached XP level 5. HP: 24/28 MP: 5/9
  2730 | D:3      | Found a sacrificial altar of Ru.
  2828 | D:4      | Reached skill level 5 in Earth Magic
  2956 | D:4      | Reached XP level 6. HP: 28/32 MP: 6/11
  3134 | D:4      | Noticed Robin
  3143 | D:4      | Killed Robin
  3146 | D:4      | Slain by a goblin

Illustrated notes

Levels and vault maps discovered:
D:1:      heliophobic_arrival_glass_houses, layout_basic, minmay_cupped
D:2:      layout_rooms, hex_medium
D:3:      layout_rooms, mainiacjoe_overflow_alcove_2, basic_ecumenical_altar,
          grunt_ministairs_2, kennysheep_generic_room_10
D:4:      layout_cave_pools, grunt_ministairs_15, minmay_joined_circles,
          uniq_robin

Skill      XL: |  1  2  3  4  5 |
---------------+----------------+-----
Earth Magic    | 4 5 |  5.4
Conjurations   | 2 3 |  3.8
Spellcasting   | 3 |  3.8
Dodging        | |  1.5
Stealth        | |  2.1

Action                     |  1- 3 |  4- 6 || total
---------------------------+-------+-------++-------
  Melee: Unarmed           |    11 |       ||    11
         Dagger            |     2 |    47 ||    49
   Cast: Sandblast         |    49 |    69 ||   118
   Stab: Sleeping          |     1 |       ||     1
 Armour: Robe              |    13 |    75 ||    88
  Dodge: Dodged            |    16 |    65 ||    81

Table legend: (Time is in decaauts)
 A = Elapsed time spent in this place.
 B = Non-inter-level travel time spent in this place.
 C = Inter-level travel time spent in this place.
 D = Time resting spent in this place.
 E = Time spent auto-exploring this place.
 F = Levels seen in this place.
 G = Mean time per level.
                   A        B        C        D        E       F      G
               +--------+--------+--------+--------+--------+-----+--------+
         Total |   3203 |   3068 |    135 |    158 |   2437 |   4 |  800.8 |
       Dungeon |   3203 |   3068 |    135 |    158 |   2437 |   4 |  800.8 |
               +--------+--------+--------+--------+--------+-----+--------+

Top non-repeatable levels by time:
     D:1: 1203 daAuts
     D:3: 966 daAuts
     D:2: 651 daAuts
     D:4: 382 daAuts
